 Dungeon Crawl Stone Soup version 0.29.0-4-gdea44cf6ec (webtiles) character file.

Game seed: 2898509307354539655

71 qw the Chopper (level 4, -1/35 HPs)
             Began as a Demonspawn Cinder Acolyte on Sept 9, 2022.
             Was a High Priest of Ignis.
             Slain by Sigmund
             ... wielding a +0 scythe
              (2 damage)
             ... on level 2 of the Dungeon.
             The game lasted 00:00:39 (2204 turns).

qw the Chopper (Demonspawn Cinder Acolyte)          Turns: 2204, Time: 00:00:39

Health: -1/35      AC:  5    Str: 17    XL:     4   Next: 5%
Magic:  5/5        EV: 14    Int: 15    God:    Ignis [*****.]
Gold:   66         SH:  0    Dex:  8    Spells: 5/5 levels left

rFire   + . .      SeeInvis .   Y - -1 hand axe (flame)
rCold   . . .      Faith    .   c - +0 buckler
rNeg    . . .      Spirit   .   h - +0 ring mail
rPois   .          Reflect  .   (no helmet)
rElec   .          Harm     .   (no cloak)
rCorr   .          Rampage  .   (no gloves)
Will    .....                   (no boots)
Stlth   ..........              (no amulet)
HPRegen 0.11/turn               (no ring)
MPRegen 0.09/turn               (no ring)

@: confused, agile
A: powered by death 1, powered by pain 1
a: Renounce Religion, Fiery Armour, Foxfire Swarm, Rising Flame


You were on level 2 of the Dungeon.
You worshipped Ignis.
Ignis was extremely pleased with you.
You visited 1 branch of the dungeon, and saw 2 of its levels.

You collected 66 gold pieces.


Innate Abilities, Weirdness & Mutations

You regenerate a little health from kills.
You sometimes gain a little power by taking damage.


   Skills:
 - Level 3.0 Fighting
 + Level 4.1 Axes
 - Level 1.3 Shields
 - Level 1.0 Spellcasting
 - Level 2.6 Fire Magic


You had 5 spell levels left.
You didn't know any spells.
Your spell library contained the following spells:

 Spells                   Type           Power      Damage    Failure   Level
 Scorch                   Fire           16%        2d6       30%         2

Inventory:

Hand Weapons
 Y - a -1 hand axe of flaming (weapon)
Missiles
 d - 6 boomerangs (quivered)
Armour
 c - a +0 buckler (worn)
 h - a +0 ring mail (worn)
 j - a +0 scale mail
Jewellery
 a - a +6 ring of dexterity
Scrolls
 g - a scroll of identify
Potions
 b - a potion of heal wounds {unknown}
 e - a potion of attraction {unknown}
 f - a potion of lignification {unknown}
 i - a potion of brilliance

Dungeon Overview and Level Annotations

Branches:
Dungeon (2/15)

Altars:

Annotations:
D:2 1 runed translucent door, Crazy Yiuf, Sigmund


Message History

There is a strange disturbance nearby!
You feel less confused. Something completely misses you.
You closely miss something. You hit something but do no damage.
You hear some strange, mumbled words.
You are confused.
You're too confused to attack without stumbling around!
There is a strange disturbance nearby!
Something hits you but does no damage.
You're too confused to attack without stumbling around!
There is a strange disturbance nearby!
You hear some strange, mumbled words.
A magic dart appears from out of thin air!
The magic dart hits you.
You're too confused to attack without stumbling around!
There is a strange disturbance nearby!
Something hits you!
You're too confused to attack without stumbling around!
There is a strange disturbance nearby!
You're too confused to attack without stumbling around!
There is a strange disturbance nearby!
You feel less confused.
You hear some strange, mumbled words.
You are confused.
You're too confused to attack without stumbling around!
There is a strange disturbance nearby!
Something barely misses you.
You're too confused to attack without stumbling around!
There is a strange disturbance nearby!
Something hits you but does no damage.
You're too confused to attack without stumbling around!
There is a strange disturbance nearby!
You're too confused to attack without stumbling around!
There is a strange disturbance nearby!
Something hits you.
You're too confused to attack without stumbling around!
There is a strange disturbance nearby!
Something hits you.
You die...

#. ## ... .# #..
.# #.. .# +## #..
.# ....
#..##.#.....
#..{.......
#.#@####.# ##
#........# #)
###..##### #.# #.
##.# #.# #.
#.##########.# ##
#.........##.#
#.........##.#
##.........#.####
#.........#.#...


There were no monsters in sight!

Vanquished Creatures
  Terence (D:2)
  An adder (D:2)
  4 ball pythons
  A bat (D:2)
  2 endoplasms
  4 goblins
  7 hobgoblins
  2 kobolds (D:1)
  4 quokkas
  A frilled lizard (D:2)
  6 rats
33 creatures vanquished.

Notes
Turn   | Place    | Note
-------+----------+-------------------------------------------
     0 | D:1      | qw the Demonspawn Cinder Acolyte began the quest for the
                  | Orb.
     0 | D:1      | Reached XP level 1. HP: 18/18 MP: 2/2
     0 | D:1      | 0 ||| qw: Version: 0.1-a-113-g051387a
     0 | D:1      | 0 ||| qw: Game counter: 7209
     0 | D:1      | 0 ||| qw: Always use a shield: true
     0 | D:1      | 0 ||| qw: God list: Okawaru
     0 | D:1      | 0 ||| qw: Allow faded altars: false
     0 | D:1      | 0 ||| qw: Do Orc after D:15 true
     0 | D:1      | 0 ||| qw: Do second Lair branch before Depths: true
     0 | D:1      | 0 ||| qw: Lair rune preference: random
     0 | D:1      | 0 ||| qw: Plans: Normal
     0 | D:1      | 0 ||| PLANNING D:1-11
    88 | D:1      | Reached skill level 3 in Axes
   187 | D:1      | Found a faded altar of an unknown god.
   467 | D:1      | Gained mutation: You regenerate a little health from kills.
                  | [demonic ancestry]
   467 | D:1      | Reached XP level 2. HP: 18/24 MP: 3/3
  1165 | D:1      | 1165 ||| Stepping ~*~*~tactically~*~*~ (stealth).
  1178 | D:1      | 1178 ||| Stepping ~*~*~tactically~*~*~ (stealth).
  1188 | D:1      | 1188 ||| INVOKING Fiery Armour.
  1400 | D:1      | 1400 ||| UPGRADING to +0 buckler.
  1405 | D:1      | 1405 ||| UPGRADING to +0 ring mail.
  1415 | D:1      | 1415 ||| DROPPING +0 robe.
  1416 | D:1      | 1416 ||| READING scroll labelled BIOWECS LEUGHE.
  1553 | D:1      | 1553 ||| READING 2 scrolls labelled RUKKEO VAOLLI.
  1679 | D:2      | Found a runed translucent door.
  1680 | D:2      | Noticed Crazy Yiuf
  1748 | D:2      | Reached XP level 3. HP: 19/29 MP: 4/4
  1787 | D:2      | Reached skill level 1 in Shields
  1903 | D:2      | Noticed Terence
  1912 | D:2      | 1912 ||| INVOKING Fiery Armour.
  1914 | D:2      | HP: 6/29 [Terence/+0 trident (7)]
  1921 | D:2      | Killed Terence
  1922 | D:2      | Reached skill level 4 in Axes
  1922 | D:2      | Gained mutation: You sometimes gain a little power by
                  | taking damage. [demonic ancestry]
  1922 | D:2      | Reached XP level 4. HP: 8/35 MP: 5/5
  2167 | D:2      | Noticed Sigmund
  2168 | D:2      | 2168 ||| Stepping ~*~*~tactically~*~*~ (stealth).
  2196 | D:2      | HP: 8/35 [something/magic dart (2)]
  2197 | D:2      | HP: 1/35 [something (7)]
  2203 | D:2      | HP: 1/35 [something (1)]
  2204 | D:2      | Slain by Sigmund

Levels and vault maps discovered:
D:1:      psy_arrival_radial02, layout_basic,
          shapermc_ecumenical_altar_totnotflames, grunt_decor_clamped,
          chequers_jeans, minmay_misc_feat_chi
D:2:      layout_basic, uniq_terence, uniq_sigmund, uniq_crazy_yiuf_cottage

Skill      XL: |  1  2  3 |
---------------+----------+-----
Axes           | 3 4 |  4.1
Shields        | 1 |  1.3
Fighting       | |  3.0
Spellcasting   | |  1.0
Fire Magic     | |  2.6

Action                   |  1- 3 |  4- 6 || total
-------------------------+-------+-------++-------
Melee: Hand axe          |   104 |     9 ||   113
Throw: Boomerang         |       |     1 ||     1
Invok: Fiery Armour      |     2 |       ||     2
  Use: Scroll            |     2 |       ||     2
Armor: Ring mail         |    31 |     3 ||    34
       Robe              |     5 |       ||     5
Dodge: Dodged            |    59 |     2 ||    61
Block: Buckler           |     5 |       ||     5

Table legend:
 A = Non-vault XP
 B = Vault XP
 C = Vault XP percentage of total XP
 D = Non-vault monster count
 E = Vault monster count
 F = Vault count percentage of total count
                 A         B        C        D         E       F
            +---------+---------+-------+---------+---------+-------
      Total |      66 |      36 |  35.3 |      32 |       1 |   3.0
            +---------+---------+-------+---------+---------+-------
        D:1 |      34 |       0 |   0.0 |      21 |       0 |   0.0
        D:2 |      32 |      36 |  52.9 |      11 |       1 |   8.3
            +---------+---------+-------+---------+---------+-------
